 Dungeon Crawl Stone Soup version 0.26-a0-366-gd6aadd2 (webtiles) character file.

Game seed: 4584533113297365703

43620 Firecrotchwizard the Brawler (level 14, -23/129 HPs)
             Began as a Ghoul Monk on July 19, 2020.
             Was the Champion of Okawaru.
             Killed from afar by a molten gargoyle (29 damage)
             ... with a bolt of magma
             ... on level 6 of the Lair of Beasts.
             The game lasted 00:39:30 (21409 turns).

Firecrotchwizard the Brawler (Ghoul Monk)          Turns: 21409, Time: 00:39:31

Health: -23/129    AC: 28    Str: 20    XL:     14   Next: 25%
Magic:  21/21      EV:  9    Int:  5    God:    Okawaru [******]
Gold:   3952       SH: 13    Dex: 11    Spells: 13/13 levels left

rFire    . . .     SeeInvis .     - Unarmed
rCold    + + .     Faith    .   Q - +2 buckler {reflect}
rNeg     + + +     Spirit   .   O - +0 plate armour
rPois    ∞         Reflect  +   d - +2 helmet
rElec    .         Harm     .   E - +2 cloak
rCorr    .                      (no gloves)
MR       +....                  h - +2 pair of boots
Stlth    ..........             v - amulet of reflection
HPRegen  0.00/turn              R - ring "Nycvuci" {rPois rC+ rN+}
MPRegen  0.17/turn              K - +4 ring of protection

@: heroism
A: rotting body, claws 1, cold resistance 1, negative energy resistance 3,
inhibited regeneration, torment resistance, unbreathing
a: Heroism, Finesse, Renounce Religion


You were on level 6 of the Lair of Beasts.
You worshipped Okawaru.
Okawaru was exalted by your worship.
You visited 3 branches of the dungeon, and saw 18 of its levels.
You also visited: Sewer, Ossuary and Gauntlet.

You collected 3952 gold pieces.

Inventory:

Missiles
 H - 5 curare-tipped darts
 J - 2 boomerangs of dispersal {=f}
 M - 2 throwing nets {=f, !d}
Armour
 d - a +2 helmet (worn)
   (You found it on level 8 of the Dungeon)
 g - the +0 scale mail of Festooned Contentment {+Inv MR++ Regen+ Int+3 Dex-4}
   (Okawaru gifted it to you in a Gauntlet)

   It affects your intelligence (+3).
   It affects your dexterity (-4).
   It affects your resistance to hostile enchantments.
   It lets you turn invisible.
   It increases your rate of regeneration.
 h - a +2 pair of boots (worn)
   (You found it on level 2 of the Dungeon)
 q - a +0 chain mail
   (You took it off an orc on level 3 of the Dungeon)
 u - a +0 pair of gloves
   (You found it on level 4 of the Dungeon)
 y - +0 acid dragon scales
   (You took it off Maggie on level 6 of the Dungeon)
 E - a +2 cloak (worn)
   (You found it on level 10 of the Dungeon)
 N - a +0 pair of gloves
   (You found it on level 2 of the Lair of Beasts)
 O - a +0 plate armour (worn)
   (You took it off a minotaur in a Gauntlet)
 Q - a +2 buckler of reflection (worn)
   (You found it on level 4 of the Lair of Beasts)
Jewellery
 e - a +6 ring of intelligence
   (You found it on level 8 of the Dungeon)
 t - an uncursed ring of resist corrosion
   (You found it on level 4 of the Dungeon)
 v - an amulet of reflection (around neck)
   (You found it on level 4 of the Dungeon)
 K - a +4 ring of protection (right claw)
   (You found it on level 3 of the Dungeon)
 R - the ring "Nycvuci" (left claw) {rPois rC+ rN+}
   (You found it on level 3 of the Lair of Beasts)

   [ring of positive energy]

   It protects you from cold.
   It protects you from poison.
   It protects you from negative energy.
Wands
 a - a wand of flame (81)
   (You found it on level 6 of the Dungeon)
 n - a wand of random effects (29)
   (You found it on level 6 of the Dungeon)
 s - a wand of disintegration (8)
   (You took it off Maggie on level 6 of the Dungeon)
 I - a wand of iceblast (35)
   (You found it on level 10 of the Dungeon)
 L - a wand of polymorph (20)
   (You found it on level 11 of the Dungeon)
Scrolls
 b - a scroll of magic mapping {!r}
 c - 2 scrolls of random uselessness
 f - 8 scrolls of amnesia
 i - 13 scrolls of identify
 j - 2 scrolls of enchant weapon
 w - 6 scrolls of remove curse
 F - 3 scrolls of teleportation
 G - 2 scrolls of fog
 P - 2 scrolls of immolation {!r}
 S - a scroll of blinking {!r}
 T - a scroll of enchant armour
Potions
 k - 7 potions of haste
 l - 5 potions of mutation
 m - 7 potions of curing
 o - 6 potions of flight
 r - a potion of magic
 x - 4 potions of might
 z - 3 potions of stabbing
 A - 5 potions of heal wounds
 B - 13 potions of ambrosia
 C - 2 potions of lignification
 D - 2 potions of invisibility
Miscellaneous
 p - a phial of floods
   (You found it in a sewer)


   Skills:
 + Level 13.4(18.4) Fighting
 - Level 3.7(8.7) Armour
 - Level 3.0(8.0) Dodging
 - Level 2.1(7.1) Stealth
 - Level 4.0(9.0) Shields
 * Level 17.9(22.9) Unarmed Combat
 + Level 11.2 Invocations


You had 13 spell levels left.
You didn't know any spells.
Your spell library contained the following spells:

 Spells                   Type           Power        Failure   Level
 Animate Skeleton         Necr           #.....       100%        1
 Apportation              Tloc           #.....       100%        1
 Corona                   Hex            #......      100%        1
 Magic Dart               Conj           #...         100%        1
 Pain                     Necr           #...         100%        1
 Summon Small Mammal      Summ           #...         100%        1
 Blink                    Tloc           N/A          100%        2
 Call Imp                 Summ           #.......     100%        2
 Slow                     Hex            #.......     100%        2
 Conjure Flame            Conj/Fire      #.......     100%        3
 Mephitic Cloud           Conj/Pois/Air  #.......     100%        3
 Vampiric Draining        Necr           #.........   100%        3
 Animate Dead             Necr           #.........   100%        4
 Leda's Liquefaction      Hex/Erth       #.........   100%        4
 Agony                    Necr           #.......     100%        5
 Bolt of Magma            Conj/Fire/Erth #.........   100%        5
 Iron Shot                Conj/Erth      #.........   100%        6
 Shatter                  Erth           #.........   100%        9
 Beastly Appendage        Tmut           Unusable     N/A         1
 Wereblood                Tmut           Unusable     N/A         2
 Spider Form              Tmut/Pois      Unusable     N/A         3
 Ice Form                 Ice/Tmut       Unusable     N/A         4
 Blade Hands              Tmut           Unusable     N/A         5
 Statue Form              Tmut/Erth      Unusable     N/A         6

Dungeon Overview and Level Annotations

Branches:
Dungeon (11/15)            Temple (1/1) D:7            Lair (6/6) D:11
 Shoals (0/4) Lair:4       Spider (0/4) Lair:2        Slime (0/5) Lair:6
    Orc (0/2) D:10          Sewer (visited)         Ossuary (visited)
Gauntlet (visited)

Altars:
Cheibriados
Dithmenos
Elyvilon
Fedhas
Gozag
Kikubaaqudgha
Nemelex Xobeh
Okawaru
Sif Muna
Trog
Wu Jian
Xom

Shops:
D:7 *   D:10 *[

Annotations:
Lair:5 exclusion: oklob plant


Innate Abilities, Weirdness & Mutations

Your body is rotting away.
You thrive by killing the living.
You are immune to poison.
You have sharp fingernails.
Your flesh is cold resistant. (rC+)
You are immune to negative energy. (rN+++)
You do not regenerate when monsters are visible.
You are immune to unholy pain and torment.
You can survive without breathing.


Message History

The steam dragon breathes steam at you. The ball of steam hits you!
You hear a roar!
You take 8 damage, and have 101/129 hp.
You claw the steam dragon!
You are engulfed in a cloud of scalding steam.
You mangle the steam dragon!!
You kill the steam dragon!
Okawaru accepts your kill.
You feel better.
You are engulfed in a cloud of scalding steam.
You regained 2 hp, and now have 103/129 hp.
You mangle the komodo dragon!!
You are engulfed in a cloud of scalding steam.
You barely miss the komodo dragon.
You are engulfed in a cloud of scalding steam.
You block the komodo dragon's attack.
You scratch the komodo dragon but do no damage.
You block the komodo dragon's attack.
You mangle the komodo dragon!!
You kill the komodo dragon!
Okawaru accepts your kill. The wyvern barely misses you. x2
Things that are here:
a komodo dragon corpse; a basilisk corpse You block the wyvern's attack.
You mangle the wyvern!! The wyvern bites you!
You take 8 damage, and have 95/129 hp.
You mangle the wyvern!!
You kill the wyvern!
Okawaru accepts your kill.
You start resting.
A lindwurm comes into view.
You regained 7 hp, and now have 102/129 hp.
The lindwurm roars!
The lindwurm breathes flames at you. The blast of flame hits you!!!
You take 43 damage, and have 59/129 hp.
MASSIVE DAMAGE!!
You gain the combat prowess of a mighty hero.
You now have 19/21 mp.
A lava snake comes into view.
A hell hound comes into view.
You completely miss the lindwurm.
The lava snake hisses angrily.
The hell hound barks!
The lindwurm bites you.
The lindwurm claws you but does no damage.
You block the lindwurm's attack.
You take 3 damage, and have 56/129 hp.
You mangle the lindwurm!! You eviscerate the lindwurm!!!
You kill the lindwurm!
Okawaru accepts your kill. The hell hound barely misses you.
You block the hell hound's attack.
A molten gargoyle comes into view. It is wielding a +0 flail.
You eviscerate the hell hound!!!
You kill the hell hound!
Okawaru accepts your kill.
A hell hound comes into view.
The hell hound barks!
The lava snake spits lava at you.
Your +2 buckler of reflection reflects the glob of lava!
The glob of lava hits the lava snake!
The lava snake partially resists.
A hell hound comes into view.
The hell hound barks!
The lava snake closely misses you.
The hell hound pauses to sniff the ground.
You scratch the lava snake.
The lava snake bites you but does no damage.
A hell hound comes into view.
The hell hound barks!
You claw the lava snake!
You kill the lava snake!
Okawaru accepts your kill.
You feel better. The hell hound breathes flames at you.
The blast of flame hits the hell hound.
The hell hound completely resists.
The blast of flame hits you!! You block the hell hound's attack.
You take 11 damage, and have 45/129 hp.
You scratch the molten gargoyle but do no damage.
The molten gargoyle hits you with a +0 flail!
* * * LOW HITPOINT WARNING * * *
You are engulfed in flames!
* * * LOW HITPOINT WARNING * * *
The hell hound bites you but does no damage.
You take 21 damage, and have 24/129 hp.
You mangle the molten gargoyle!!
MP restored: 21 You closely miss the molten gargoyle.
The hell hound breathes flames at you. The blast of flame hits you!!
* * * LOW HITPOINT WARNING * * *
You block the molten gargoyle's attack.
You take 18 damage, and have 6/129 hp.
You scratch the molten gargoyle.
The hell hound bites you but does no damage.
You scratch the molten gargoyle but do no damage.
You block the hell hound's attack.
The molten gargoyle blasts magma at you!
The bolt of magma hits you!!
You die...

#..# ##..#
#...## #....##
# #
##.....#8#8
#8#.........#
##..........8
#8....#.......
#..h9@#§....#≈
#8..hh#§....##
###... ≈...##
#..#§ ≈≈###
≈..≈≈≈ .≈≈
...#.≈. ####
.## ≈.# ... ≈§
....


You could see a molten gargoyle and 3 hell hounds.

Vanquished Creatures
  A minotaur (Gauntlet)
  5 hydras
  A catoblepas (D:8)
  A death scarab (Gauntlet)
  A tengu warrior (D:11)
  2 large abominations (Gauntlet)
  Pikel (D:7)
  A lindwurm (Lair:6)
  An ugly thing (D:8)
  A cyclops (shapeshifter) (D:8)
  6 elephants
  A torpor snail (Gauntlet)
  7 cane toads
  3 black mambas
  A rime drake (Lair:4)
  Maggie (D:6)
  5 komodo dragons
  A troll (D:9)
  3 polar bears
  3 hornets (D:10)
  A queen bee (Lair:1)
  Prince Ribbit (D:6)
  30 blink frogs
  4 hippogriffs
  6 dream sheep (Lair:5)
  A shadow (D:11)
  A wyvern (Lair:6)
  3 small abominations (Gauntlet)
  28 yaks
  A steam dragon (Lair:6)
  3 basilisks
  The ghost of SevenDeadlySins the Changer, an amateur PaTm (D:3)
  A vampire mosquito (D:8)
  Edmund (D:6)
  10 water moccasins
  Duvessa (D:6)
  A hell hound (Lair:6)
  3 porcupines
  5 sky beasts
  A spectral torpor snail (Gauntlet)
  6 orc warriors
  2 phantoms
  10 ice beasts
  An eye of draining (D:9)
  An ogre (D:8)
  2 black bears
  16 wolves
  3 necrophages
  11 centaurs
  9 crocodiles
  3 big kobolds
  16 bullfrogs
  Dowan (D:6)
  8 scorpions
  12 wights
  37 killer bees
  3 electric eels
  5 jellies
  2 howler monkeys
  A lava snake (Lair:6)
  A centaur zombie (D:7)
  3 bullfrog zombies
  6 hounds
  11 orc priests
  3 centaur skeletons
  A bullfrog skeleton (D:7)
  4 iguanas
  11 orc wizards
  9 worker ants
  A killer bee zombie (D:9)
  A hound skeleton (D:7)
  8 mummies (Ossuary)
  A worker ant zombie (D:9)
  A howler monkey zombie (D:10)
  4 gnolls
  14 adders
  A howler monkey skeleton (D:6)
  5 shadow imps
  4 white imps
  6 ufetubi
  An adder skeleton (D:6)
  6 dart slugs
  10 leopard geckos
  46 orcs
  A ball python (Sewer)
  13 bats
  12 giant cockroaches
  A gnoll zombie (Ossuary)
  7 goblins
  6 hobgoblins
  8 jackals (D:3)
  6 quokkas
  8 frilled lizards
  2 hobgoblin zombies (Ossuary)
  13 kobolds
  3 kobold zombies (Ossuary)
  2 orc zombies (Ossuary)
  2 quokka zombies
  10 rats
  A plant (D:11)
551 creatures vanquished.

Vanquished Creatures (others)
  A kobold (D:11)
  A bush (Lair:5)
  9 fungi
  22 plants
  17 toadstools (Lair:5)
50 creatures vanquished.

Grand Total: 601 creatures vanquished

Notes
Turn   | Place    | Note
-------+----------+-------------------------------------------
     0 | D:1      | Firecrotchwizard the Ghoul Monk began the quest for the
                  | Orb.
     0 | D:1      | Reached XP level 1. HP: 19/19 MP: 0/0
   217 | D:1      | Reached XP level 2. HP: 24/26 MP: 1/1
   438 | D:1      | Reached skill level 4 in Unarmed Combat
   438 | D:1      | Reached XP level 3. HP: 31/31 MP: 2/2
   466 | D:1      | Reached skill level 3 in Dodging
  1730 | D:2      | Reached XP level 4. HP: 40/40 MP: 3/3
  1997 | D:1      | Reached skill level 4 in Fighting
  2164 | D:2      | Reached skill level 1 in Shields
  2561 | D:3      | Found a transporter.
  2572 | D:3      | Noticed SevenDeadlySins's ghost (amateur PaTm)
  2573 | D:3      | Found a transporter.
  2680 | D:2      | Found a bloodstained altar of Trog.
  2734 | D:3      | Reached XP level 5. HP: 36/46 MP: 4/4
  2743 | D:3      | HP: 11/46 [orc priest/divine providence (10)]
  2745 | D:3      | Reached skill level 5 in Unarmed Combat
  2746 | D:3      | HP: 5/46 [orc/+0 hand axe (1)]
  2752 | D:3      | HP: 7/46 [orc (4)]
  3222 | D:3      | Reached XP level 6. HP: 41/53 MP: 5/5
  3530 | D:3      | Reached skill level 2 in Shields
  3646 | D:4      | Found a glowing drain.
  3668 | Sewer    | Entered a sewer
  3923 | Sewer    | Reached skill level 6 in Unarmed Combat
  4113 | D:4      | Reached skill level 5 in Fighting
  4125 | D:4      | Reached XP level 7. HP: 61/61 MP: 6/6
  4467 | D:4      | Reached skill level 3 in Shields
  4551 | D:4      | Found a shimmering altar of Xom.
  4559 | D:4      | Reached skill level 7 in Unarmed Combat
  4914 | D:5      | Entered Level 5 of the Dungeon
  5016 | D:5      | Reached XP level 8. HP: 29/70 MP: 7/7
  5088 | D:5      | Reached skill level 6 in Fighting
  5147 | D:5      | Found a sparkling altar of Nemelex Xobeh.
  5180 | D:5      | Found a sand-covered staircase.
  5225 | Ossuary  | Entered an ossuary
  5246 | Ossuary  | Reached skill level 8 in Unarmed Combat
  5840 | D:5      | Reached skill level 4 in Shields
  5849 | D:5      | Got a brightly glowing ring mail
  5860 | D:5      | Identified the +0 ring mail of Elyvilon's Displeasure
                  | {Str+3} (You found it on level 5 of the Dungeon)
  5877 | D:5      | Got an ancient leather armour
  5888 | D:5      | Identified the +1 leather armour "Zorgh" {rC++} (You found
                  | it on level 5 of the Dungeon)
  6551 | D:6      | Noticed Duvessa
  6553 | D:6      | Noticed Dowan
  6870 | D:5      | Reached skill level 1 in Armour
  6870 | D:5      | Reached skill level 9 in Unarmed Combat
  7100 | D:6      | Reached skill level 7 in Fighting
  7100 | D:6      | Reached XP level 9. HP: 79/79 MP: 8/8
  7151 | D:6      | Reached skill level 2 in Armour
  7226 | D:6      | Noticed Maggie
  7362 | D:6      | Killed Duvessa
  7366 | D:6      | Killed Dowan
  7486 | D:6      | Reached skill level 10 in Unarmed Combat
  7518 | D:6      | HP: 18/79 [Maggie/bolt of fire (16)]
  7519 | D:6      | Killed Maggie
  7874 | D:6      | Reached skill level 3 in Armour
  7903 | D:6      | Noticed Prince Ribbit
  7976 | D:6      | Noticed Edmund
  8000 | D:6      | Killed Edmund
  8233 | D:7      | Reached skill level 8 in Fighting
  8415 | D:7      | Found a staircase to the Ecumenical Temple.
  8420 | Temple   | Entered the Ecumenical Temple
  8437 | Temple   | Became a worshipper of Warmaster Okawaru
  8437 | Temple   | Reached * piety under Okawaru
  8437 | Temple   | Reached ** piety under Okawaru
  8521 | D:7      | Found Lenu's Lightly-Used Armoury.
  8715 | D:7      | Reached skill level 11 in Unarmed Combat
  8715 | D:7      | Reached skill level 1 in Invocations
  8715 | D:7      | Reached XP level 10. HP: 85/89 MP: 9/9
  8823 | D:7      | Noticed Pikel
  8851 | D:7      | Killed Pikel
  8851 | D:7      | Reached skill level 2 in Invocations
  9211 | D:8      | Reached skill level 3 in Invocations
  9318 | D:8      | Reached skill level 9 in Fighting
  9329 | D:8      | Found a white marble altar of Elyvilon.
  9516 | D:8      | Reached *** piety under Okawaru
  9516 | D:8      | Reached skill level 12 in Unarmed Combat
  9549 | D:8      | Noticed a catoblepas
  9568 | D:8      | HP: 11/91 [orc warrior/+0 halberd (17)]
  9569 | D:8      | Killed a catoblepas
  9569 | D:8      | Reached skill level 4 in Invocations
  9569 | D:8      | HP: 1/91 [orc warrior/+0 halberd (12)]
 10168 | D:8      | Noticed a brown ugly thing
 10188 | D:8      | Noticed a lindwurm
 10188 | D:8      | a jumping spider changed into a lindwurm
 10204 | D:8      | Killed a brown ugly thing
 10204 | D:8      | Reached **** piety under Okawaru
 10204 | D:8      | Reached XP level 11. HP: 50/97 MP: 13/13
 10206 | D:8      | Noticed a cyclops
 10211 | D:8      | Killed a cyclops
 10211 | D:8      | Reached skill level 5 in Invocations
 10454 | D:8      | Reached skill level 13 in Unarmed Combat
 10543 | D:8      | Found a shimmering blue altar of Sif Muna.
 10736 | D:8      | Found an ornate altar of the Wu Jian Council.
 10736 | D:8      | Noticed a five-headed hydra
 10744 | D:8      | Killed a five-headed hydra
 10744 | D:8      | Reached skill level 10 in Fighting
 10924 | D:8      | Found a shadowy altar of Dithmenos.
 11283 | D:9      | Reached ***** piety under Okawaru
 11288 | D:9      | Reached skill level 6 in Invocations
 11889 | D:10     | Entered Level 10 of the Dungeon
 12011 | D:10     | Received a gift from Okawaru
 12104 | D:10     | Identified a scroll of acquirement
 12104 | D:10     | Acquired 1580 gold pieces
 12215 | D:10     | Found Movveil's Armour Shoppe.
 12217 | D:10     | Found a staircase to the Orcish Mines.
 12264 | D:10     | Reached skill level 14 in Unarmed Combat
 12424 | D:10     | Found Ymoo's General Store.
 12665 | D:10     | Got an ichor-stained robe
 12948 | D:6      | Killed Prince Ribbit
 12948 | D:6      | Received a gift from Okawaru
 13132 | D:3      | Killed SevenDeadlySins's ghost
 13344 | D:11     | Reached skill level 7 in Invocations
 13382 | D:11     | Noticed a tengu warrior
 13414 | D:11     | Killed a tengu warrior
 13414 | D:11     | Reached XP level 12. HP: 96/108 MP: 14/16
 13522 | D:11     | Reached skill level 11 in Fighting
 13861 | D:11     | Found a staircase to the Lair.
 14315 | Lair:1   | Entered Level 1 of the Lair of Beasts
 14720 | Lair:1   | Reached skill level 15 in Unarmed Combat
 14720 | Lair:1   | Reached skill level 8 in Invocations
 15460 | Lair:2   | You fall into a shaft and drop 1 floor!
 15483 | Lair:3   | Received a gift from Okawaru
 16018 | Lair:2   | Found a hole to the Spider Nest.
 16074 | Lair:2   | Reached skill level 9 in Invocations
 16351 | Lair:2   | Reached skill level 12 in Fighting
 16450 | Lair:2   | Noticed an eight-headed hydra
 16474 | Lair:2   | Killed an eight-headed hydra
 16474 | Lair:2   | Reached skill level 16 in Unarmed Combat
 16474 | Lair:2   | Reached XP level 13. HP: 98/118 MP: 10/18
 16877 | Lair:3   | Reached ****** piety under Okawaru
 17138 | Lair:3   | Got a slimy amber ring
 17140 | Lair:3   | Identified the ring "Nycvuci" {rPois rC+ rN+} (You found it
                  | on level 3 of the Lair of Beasts)
 17165 | Lair:3   | Received a gift from Okawaru
 17918 | Lair:4   | Found a staircase to the Shoals.
 18031 | Lair:4   | Acquired 820 gold pieces
 18492 | Lair:4   | Reached skill level 10 in Invocations
 18913 | Lair:5   | Found a gate leading to a gauntlet.
 18920 | Gauntlet | Entered a Gauntlet
 18920 | Gauntlet | Found a transporter.
 18920 | Gauntlet | Found a transporter.
 18940 | Gauntlet | Found a transporter.
 18942 | Gauntlet | Found a transporter.
 18952 | Gauntlet | Found a transporter.
 18956 | Gauntlet | Found a transporter.
 18971 | Gauntlet | Found a transporter.
 19055 | Gauntlet | Found a transporter.
 19057 | Gauntlet | Found a transporter.
 19067 | Gauntlet | Found a transporter.
 19071 | Gauntlet | Found a transporter.
 19082 | Gauntlet | Found a transporter.
 19337 | Gauntlet | Received a gift from Okawaru
 19348 | Gauntlet | Reached skill level 17 in Unarmed Combat
 19360 | Gauntlet | Got a heavily runed scale mail {god gift}
 19371 | Gauntlet | Identified the +0 scale mail of Festooned Contentment {+Inv
                  | MR++ Regen+ Int+3 Dex-4} (Okawaru gifted it to you in a
                  | Gauntlet)
 19629 | Gauntlet | Identified the cursed +0 scimitar of Goudafro {holy, *Noise
                  | Dex+9}
 19629 | Gauntlet | Noticed a minotaur
 19646 | Gauntlet | Killed a minotaur
 19891 | Lair:5   | Reached skill level 13 in Fighting
 20229 | Lair:5   | Found a blossoming altar of Fedhas.
 20321 | Lair:5   | Reached XP level 14. HP: 129/129 MP: 21/21
 20895 | Lair:6   | Entered Level 6 of the Lair of Beasts
 20931 | Lair:6   | Found a staircase to the Slime Pits.
 20965 | Lair:5   | Reached skill level 11 in Invocations
 21405 | Lair:6   | HP: 24/129 [molten gargoyle/+0 flail (11)]
 21407 | Lair:6   | HP: 6/129 [hell hound/blast of flame (18)]
 21409 | Lair:6   | Killed from afar by a molten gargoyle

Illustrated notes

Levels and vault maps discovered:
D:1:      minmay_arrival_semitransparent, layout_basic
D:2:      layout_loops_ring, nicolae_overflow_hidden_temple, kennysheep_boxes
D:3:      layout_loops_ring, gammafunk_ghost_arena
D:4:      layout_gridville, overflow_temple_1_default, portal_sewer_entry_d
D:5:      layout_basic, nemelex_xobeh_ov_fountains_minmay,
          chequers_ossuary_entry_cave
D:6:      layout_cave_pools, uniq_maggie, uniq_duvessa, uniq_edmund,
          uniq_prince_ribbit1
D:7:      layout_basic, minmay_temple_entry_nine_rooms,
          minmay_misc_feat_pillars, minmay_shop_damaged, hangedman_decor_lopped,
          grunt_ministairs_2, uniq_pikel
D:8:      minmay_the_grid_octo_triangle [minmay_the_grid_octo_empty,
          minmay_the_grid_octo_prize_square_snowflake,
          minmay_the_grid_octo_toaster], layout_basic,
          nicolae_overflow_crystal_walls, kennysheep_little_box,
          lemuel_crystal_altar, basic_altar
D:9:      layout_loops_ring
D:10:     layout_stronghold, orc_david_3, serial_shops, nicolae_shop_trees
D:11:     layout_irregular_city, dpeg_oklobed_lair
Temple:   regret_index_temple_sphere_string
Lair:1:   layout_roguey [special_room_bee], chequers_serial_rivers_micro_c,
          serial_bayou_shore_a, infiniplex_staircase_pool_2
Lair:2:   layout_gridlike, dummy_spider_entry, chequers_serial_rivers_small_3,
          nicolae_quartered_pool_medium, minmay_shattered_shrine,
          grunt_megastairs_3
Lair:3:   layout_regular_city, chequers_serial_rivers_marsh
Lair:4:   layout_loops_ring, elwin_shoals_entry_rooms
Lair:5:   layout_long_grid, gauntlet_entry_generic, tgw_fedhas,
          grunt_megastairs_5
Lair:6:   cheibrodos_lair_end_hotspot, layout_long_grid, slime_dummy,
          special_room [special_room_mythical_zoo], pond

Skill      XL: |  1  2  3  4  5  6  7  8  9 10 11 12 13 14 |
---------------+-------------------------------------------+-----
Unarmed Combat | 4 5 6 7 9 11 12 14 16 17 | 17.9
Dodging        | 3 |  3.0
Fighting       | 4 5 7 8 9 10 12 13 | 13.4
Shields        | 1 2 3 4 |  4.0
Armour         | 1 3 |  3.7
Invocations    | 1 4 7 9 10 11 | 11.2
Stealth        | |  2.1

Action                   |  1- 3 |  4- 6 |  7- 9 | 10-12 | 13-15 || total
-------------------------+-------+-------+-------+-------+-------++-------
Melee: Unarmed           |   132 |   235 |   440 |   916 |   487 ||  2210
       Punch             |     1 |       |       |       |       ||     1
Invok: Heroism           |       |       |       |    13 |     7 ||    20
       Finesse           |       |       |       |     1 |     1 ||     2
  Use: Scroll            |       |     6 |     8 |    12 |    10 ||    36
       Potion            |       |     1 |       |       |       ||     1
 Stab: Sleeping          |     2 |     2 |     1 |       |       ||     5
       Petrifying        |       |       |       |     1 |       ||     1
       Petrified         |       |       |       |     1 |       ||     1
Armor: Robe              |    31 |    11 |       |       |       ||    42
       Ring mail         |       |    28 |    57 |       |       ||    85
       Chain mail        |       |       |    62 |   320 |   146 ||   528
       Plate armour      |       |       |       |       |    75 ||    75
       Scale mail        |       |       |       |       |     4 ||     4
Dodge: Dodged            |   102 |   105 |   116 |   234 |   119 ||   676
Block: Buckler           |    15 |    49 |   236 |   484 |   261 ||  1045
       Reflection        |       |       |     9 |    16 |     2 ||    27

Table legend: (Time is in decaauts)
 A = Elapsed time spent in this place.
 B = Non-inter-level travel time spent in this place.
 C = Inter-level travel time spent in this place.
 D = Time resting spent in this place.
 E = Time spent auto-exploring this place.
 F = Levels seen in this place.
 G = Mean time per level.
                   A        B        C        D        E       F      G
               +--------+--------+--------+--------+--------+-----+--------+
         Total |  21005 |  20044 |    961 |   4998 |  10888 |  21 | 1000.2 |
       Dungeon |  13107 |  12253 |    854 |   3069 |   6584 |  11 | 1191.5 |
        Temple |     30 |     17 |     13 |      0 |     10 |   1 |   30.0 |
          Lair |   6026 |   5932 |     94 |   1310 |   3657 |   6 | 1004.3 |
         Sewer |    450 |    450 |      0 |    100 |     94 |   1 |  450.0 |
       Ossuary |    518 |    518 |      0 |    246 |    157 |   1 |  518.0 |
      Gauntlet |    872 |    872 |      0 |    273 |    385 |   1 |  872.0 |
               +--------+--------+--------+--------+--------+-----+--------+

Levels and vault maps discovered:
D:1:      minmay_arrival_semitransparent, layout_basic
D:2:      layout_loops_ring, nicolae_overflow_hidden_temple, kennysheep_boxes
D:3:      layout_loops_ring, gammafunk_ghost_arena
D:4:      layout_gridville, overflow_temple_1_default, portal_sewer_entry_d
D:5:      layout_basic, nemelex_xobeh_ov_fountains_minmay,
          chequers_ossuary_entry_cave
D:6:      layout_cave_pools, uniq_maggie, uniq_duvessa, uniq_edmund,
          uniq_prince_ribbit1
D:7:      layout_basic, minmay_temple_entry_nine_rooms,
          minmay_misc_feat_pillars, minmay_shop_damaged, hangedman_decor_lopped,
          grunt_ministairs_2, uniq_pikel
D:8:      minmay_the_grid_octo_triangle [minmay_the_grid_octo_empty,
          minmay_the_grid_octo_prize_square_snowflake,
          minmay_the_grid_octo_toaster], layout_basic,
          nicolae_overflow_crystal_walls, kennysheep_little_box,
          lemuel_crystal_altar, basic_altar
D:9:      layout_loops_ring
D:10:     layout_stronghold, orc_david_3, serial_shops, nicolae_shop_trees
D:11:     layout_irregular_city, dpeg_oklobed_lair
Temple:   regret_index_temple_sphere_string
Lair:1:   layout_roguey [special_room_bee], chequers_serial_rivers_micro_c,
          serial_bayou_shore_a, infiniplex_staircase_pool_2
Lair:2:   layout_gridlike, dummy_spider_entry, chequers_serial_rivers_small_3,
          nicolae_quartered_pool_medium, minmay_shattered_shrine,
          grunt_megastairs_3
Lair:3:   layout_regular_city, chequers_serial_rivers_marsh
Lair:4:   layout_loops_ring, elwin_shoals_entry_rooms
Lair:5:   layout_long_grid, gauntlet_entry_generic, tgw_fedhas,
          grunt_megastairs_5
Lair:6:   cheibrodos_lair_end_hotspot, layout_long_grid, slime_dummy,
          special_room [special_room_mythical_zoo], pond

Table legend: (Time is in decaauts)
 A = Elapsed time spent in this place.
 B = Non-inter-level travel time spent in this place.
 C = Inter-level travel time spent in this place.
 D = Time resting spent in this place.
 E = Time spent auto-exploring this place.
 F = Levels seen in this place.
 G = Mean time per level.
                   A        B        C        D        E       F      G
               +--------+--------+--------+--------+--------+-----+--------+
         Total |  21005 |  20044 |    961 |   4998 |  10888 |  21 | 1000.2 |
       Dungeon |  13107 |  12253 |    854 |   3069 |   6584 |  11 | 1191.5 |
        Temple |     30 |     17 |     13 |      0 |     10 |   1 |   30.0 |
          Lair |   6026 |   5932 |     94 |   1310 |   3657 |   6 | 1004.3 |
         Sewer |    450 |    450 |      0 |    100 |     94 |   1 |  450.0 |
       Ossuary |    518 |    518 |      0 |    246 |    157 |   1 |  518.0 |
      Gauntlet |    872 |    872 |      0 |    273 |    385 |   1 |  872.0 |
               +--------+--------+--------+--------+--------+-----+--------+

Table legend:
 A = Kills in this place as a percentage of kills in entire the game.
 B = Kills by you in this place as a percentage of kills by you in the entire game.
 C = Kills by friends in this place as a percentage of kills by friends in the entire game.
 D = Other kills in this place as a percentage of other kills in the entire game.
 E = Experience gained in this place as a percentage of experience gained in the entire game.
 F = Experience gained in this place divided by the number of levels of this place that you have seen.
                   A       B       C       D       E      F
               +-------+-------+-------+-------+-------+----------------------
         Total | 100.0 | 100.0 |   N/A |   N/A | 100.0 | 2967.4
       Dungeon |  61.5 |  61.5 |   N/A |   N/A |  33.0 | 1869.5
          Lair |  29.6 |  29.6 |   N/A |   N/A |  55.9 | 5803.3
         Sewer |   3.5 |   3.5 |   N/A |   N/A |   0.4 | 225.0
       Ossuary |   2.9 |   2.9 |   N/A |   N/A |   0.2 | 153.0
      Gauntlet |   2.5 |   2.5 |   N/A |   N/A |  10.5 | 6552.0
               +-------+-------+-------+-------+-------+----------------------
